 Dungeon Crawl Stone Soup version 0.22-a0-284-g99d1f74 (webtiles) character file.

125456 vishdafish the Grim Reaper (level 17, -10/145 HPs)
             Began as a Formicid Fighter on Mar 22, 2018.
             Was the Champion of Yredelemnul.
             Splashed by a deep elf sorcerer's acid (12 damage)
             ... on level 3 of the Elven Halls.
             The game lasted 01:24:56 (29793 turns).

vishdafish the Grim Reaper (Formicid Fighter)      Turns: 29793, Time: 01:24:58

Health: -10/145    AC: 12    Str: 24    XL:     17   Next: 50%
Magic:  23/29      EV:  8    Int: 17    God:    Yredelemnul [******]
Gold:   2420       SH: 25    Dex:  6    Spells: 10/16 levels left

rFire    . . .     SeeInvis +   J - +1 executioner's axe (flame)
rCold    . . .     Gourm    .   k - +0 large shield
rNeg     + . .     Faith    .   E - +1 plate armour {rPois}
rPois    +         Spirit   .   (helmet unavailable)
rElec    +         Reflect  +   d - +0 cloak
rCorr    .         Harm     .   N - +1 pair of gloves
MR       +....                  K - +0 pair of boots
Stlth    ..........             Y - +5 amulet of reflection
HPRegen  0.34/turn              G - ring of the Equinox {rN+ Int+3 Stlth+}
MPRegen  0.21/turn              O - ring of Enyotsit {Wiz rElec Str+4 Dex-4 Slay+2}

@: corroded, drained
A: permanent stasis, dig shafts and tunnels, four strong arms, antennae 3,
robust 2, weak 1
a: Dig, Shaft Self, Recall Undead Slaves, Injury Mirror, Animate Dead, Drain
Life, Enslave Soul, Renounce Religion


You were on level 3 of the Elven Halls.
You worshipped Yredelemnul.
Yredelemnul was exalted by your worship.
You were not hungry.

You visited 5 branches of the dungeon, and saw 27 of its levels.
You also visited: Bailey.

You collected 3532 gold pieces.
You spent 1112 gold pieces at shops.

Inventory:

Hand Weapons
 c - a +2 demon trident of electrocution
 p - a +2 antimagic executioner's axe
 D - a +0 arbalest
 J - a +1 executioner's axe of flaming (weapon)
Missiles
 C - 124 bolts
 T - 5 throwing nets (quivered)
Armour
 d - a +0 cloak (worn)
 h - a scarf of cloud immunity
 k - a +0 large shield (worn)
 E - a +1 plate armour of poison resistance (worn)
 K - a +0 pair of boots (worn)
 N - a +1 pair of gloves (worn)
Jewellery
 o - an uncursed ring of protection from cold
 G - the ring of the Equinox (left hand) {rN+ Int+3 Stlth+}
   (You found it on level 7 of the Dungeon)

   [ring of stealth]

   It affects your intelligence (+3).
   It protects you from negative energy.
   It makes you more stealthy.
 O - the ring of Enyotsit (right hand) {Wiz rElec Str+4 Dex-4 Slay+2}
   (You found it on level 10 of the Dungeon)

   [ring of wizardry]

   It improves your spell success rate.
   It affects your strength (+4).
   It affects your dexterity (-4).
   It affects your accuracy and damage with ranged weapons and melee attacks
   (+2).
   It insulates you from electricity.
 P - an uncursed ring of poison resistance
 Y - a +5 amulet of reflection (around neck)
Wands
 r - a wand of random effects (43)
 u - a wand of iceblast (9)
 w - a wand of paralysis (18)
 F - a wand of enslavement (13)
 M - a wand of flame (58)
 R - a wand of disintegration (10)
Scrolls
 b - 5 scrolls of identify
 i - 4 scrolls of fog
 n - 7 scrolls of magic mapping
 s - 6 scrolls of enchant weapon
 v - 5 scrolls of amnesia
 x - 2 scrolls of fear
 y - 7 scrolls of teleportation
 H - 2 scrolls of silence
 I - 2 scrolls of vulnerability
 L - a scroll of summoning
 Q - 4 scrolls of immolation
 V - a scroll of enchant armour
 W - 9 scrolls of remove curse
 Z - a scroll of holy word
Potions
 a - 2 potions of lignification
 e - 3 potions of invisibility
 g - 3 potions of curing
 j - 2 potions of ambrosia
 l - 4 potions of flight
 m - 7 potions of degeneration
 q - a potion of brilliance
 z - 4 potions of berserk rage
 B - 3 potions of cancellation
 S - a potion of heal wounds
 U - 4 potions of resistance
 X - 2 potions of mutation
Comestibles
 f - 21 rations


   Skills:
 - Level 7.6(7.4) Fighting
 - Level 16.0(15.6) Axes
 - Level 12.3(12.0) Crossbows
 * Level 9.4(9.2) Armour
 + Level 5.3(5.1) Dodging
 - Level 15.0(14.7) Shields
 - Level 16.0(15.6) Invocations


You had 10 spell levels left.
You knew the following spells:

 Your Spells              Type           Power        Failure   Level  Hunger
a - Apportation           Tloc           #.....       71%         1    ##.....
b - Silence               Hex/Air        #.........   100%        5    ######.


Dungeon Overview and Level Annotations

Branches:
Dungeon (15/15)            Temple (1/1) D:5            Lair (6/6) D:10
  Swamp (0/4) Lair:4       Spider (0/4) Lair:3        Slime (0/5) Lair:5
    Orc (2/2) D:9             Elf (3/3) Orc:2        Vaults (0/5) D:14
 Depths (0/5) D:15

Altars:
Ashenzari
Cheibriados
Dithmenos
Elyvilon
Fedhas
Gozag
Hepliaklqana
Kikubaaqudgha
Makhleb
Nemelex Xobeh
Okawaru
Qazlal
Ru
Sif Muna
Trog
Uskayaw
Vehumet
Xom
Yredelemnul
Zin
The Shining One
Lugonu

Shops:
D:8 *   D:9 [((=!   D:10 [   D:11 [   Orc:2 ((=}


Innate Abilities, Weirdness & Mutations

You cannot be hasted, slowed, berserked, paralysed or teleported.
You can dig through walls and to a lower floor.
Your four strong arms can wield two-handed weapons with a shield.
You have a pair of large antennae on your head. (SInv)
You are very robust. (+20% HP)
You are weak. (Str -2)


Message History

Your bone dragon misses the deep elf sorcerer.
The earth elemental hits you!
* * * LOW HITPOINT WARNING * * *
The deep elf sorcerer casts a spell at you.
Your bone dragon is devoured by a tear in reality.
Okay, then.
You draw life from your surroundings.
You draw life from the deep elf sorcerer.
The deep elf sorcerer is no longer moving quickly.
The deep elf sorcerer looks more healthy.
Something assumes the form of the deep elf sorcerer and becomes anchored to this world!
You draw life from the deep elf sorcerer.
The deep elf sorcerer is severely wounded.
You feel life flooding into your body.
You feel somewhat more hungry.
The deep elf sorcerer casts a spell at you.
The bolt of acid hits you!
* * * LOW HITPOINT WARNING * * *
You are splashed with acid!
The acid burns!
You die...
Your body rises from the dead as a mindless zombie.

#....{.#..<#.........#
####{####..##....#.#.#
###.Z....)#..###.#.#...#
.......#.......###.#.#.##
......)#.......# #Z.###.##
.......#.......###Z#)..#.##
...............#.W##...##W#
...............#EE.#...#A##
##############EE@E.#######
#E#§### # #ee..# #ee{...#
eee{e.... {ee...{...{
.ee.e{.e.. §*.§Y..e..
...........


You could see a deep elf sorcerer, a ghostly deep elf sorcerer, 6 earth
elementals, a friendly phantasmal warrior, a friendly deep elf mage zombie and a
friendly deep elf archer zombie.

Vanquished Creatures
  A stone giant (Orc:1)
  2 ogre magi (Orc:2)
  Harold (D:11)
  7 hydras
  A vault guard (D:14)
  A centaur warrior (D:14)
  A catoblepas (D:14)
  6 dancing weapons
  18 two-headed ogres
  6 death yaks (Lair:3)
  A tengu warrior (D:15)
  Sonja (D:13)
  4 deep elf knights
  2 unseen horrors
  A glowing orange brain (D:15)
  An unseen horror (shapeshifter) (D:15)
  2 orc knights
  Pikel (D:4)
  An orange crystal statue (D:15)
  2 deep elf archers (Elf:2)
  16 deep elf magi
  3 manticores
  2 ugly things (D:15)
  A black mamba (Lair:1)
  9 spiny frogs
  A gargoyle (D:14)
  A kobold demonologist (D:12)
  A freezing wraith (D:14)
  3 komodo dragons
  5 polar bears (Lair:6)
  2 trolls (Orc:1)
  3 slime creatures (D:15)
  Grinder (D:3)
  3 hornets (Lair:6)
  9 blink frogs
  6 hippogriffs
  4 dream sheep (Lair:6)
  An air elemental (Elf:2)
  2 vampires
  A wyvern (D:9)
  8 spriggans
  A wraith (D:12)
  18 yaks
  A water elemental (Elf:2)
  A spriggan (shapeshifter) (Elf:2)
  A human (D:14)
  A basilisk (Lair:2)
  2 hungry ghosts
  Grum (D:11)
  A soldier ant (shapeshifter) (D:15)
  A warg (Orc:1)
  2 vampire mosquitoes (D:14)
  An insubstantial wisp (Lair:4)
  A soldier ant (D:13)
  4 water moccasins
  3 porcupines
  2 ice beasts
  2 sky beasts
  14 orc warriors
  3 black bears
  A necrophage (D:12)
  16 wolves
  9 centaurs
  18 ogres
  4 boggarts (Lair:6)
  8 crocodiles
  5 big kobolds
  13 bullfrogs
  8 gnoll sergeants (Bailey)
  A water moccasin zombie (D:7)
  An earth elemental (Elf:3)
  4 scorpions
  2 wights (D:12)
  10 killer bees
  2 electric eels (Lair:3)
  6 howler monkeys
  3 jellies
  A bullfrog zombie (D:8)
  A centaur zombie (D:7)
  5 crimson imps
  2 bullfrog skeletons
  17 orc wizards
  Crazy Yiuf (D:2)
  6 hounds
  Ijyb (D:4)
  17 orc priests
  2 centaur skeletons
  6 gnoll shamans (Bailey)
  An iron imp (D:5)
  11 worker ants
  Robin (D:4)
  A worker ant zombie (D:7)
  20 gnolls
  A howler monkey skeleton (D:8)
  9 adders
  5 shadow imps
  3 oozes (Lair:5)
  An adder skeleton (D:4)
  6 worms
  10 leopard geckos
  55 orcs
  2 ball pythons
  5 bats
  8 giant cockroaches
  23 goblins
  13 hobgoblins
  10 jackals
  3 quokkas
  9 frilled lizards
  17 kobolds
  A quokka skeleton (D:5)
  7 rats
  A fungus (Lair:4)
  6 plants
601 creatures vanquished.

Vanquished Creatures (collateral kills)
  An orc warlord (Elf:1)
  Louise (D:15)
  A deep elf sorcerer (Elf:1)
  The ghost of Spoonicorn the Executioner, a journeyman MiBe of Trog (Orc:2)
  A deep elf elementalist (Elf:1)
  A deep elf annihilator (Elf:3)
  The ghost of Thaneod the Cleaver, a journeyman DsBe of Trog (D:12)
  Snorg (Lair:6)
  A rakshasa (D:15)
  A hydra (Lair:3)
  3 vault guards (D:14)
  A catoblepas (Lair:3)
  24 dancing weapons
  6 two-headed ogres
  3 ogre magi
  2 tengu warriors
  An orc high priest (Elf:1)
  6 deep elf knights (Elf:2)
  A wizard (D:14)
  An unseen horror (D:14)
  13 deep elf archers
  5 orc knights
  An orc sorcerer (Orc:2)
  39 deep elf magi
  A shining eye (shapeshifter) (D:15)
  A slime creature (D:15)
  3 manticores (D:15)
  A guardian serpent (shapeshifter) (Elf:2)
  3 centaur zombies
  A gargoyle (D:15)
  A black mamba (Lair:6)
  4 spiny frogs
  Psyche (D:11)
  A centaur skeleton (D:15)
  A freezing wraith (D:15)
  2 komodo dragons
  A yaktaur (D:14)
  A rime drake (Lair:4)
  A tengu conjurer (D:15)
  A jumping spider (Lair:3)
  3 meliai (D:15)
  A polar bear (Lair:6)
  A troll (D:12)
  A blink frog (shapeshifter) (D:11)
  4 dream sheep (Lair:6)
  12 blink frogs
  4 hippogriffs
  3 air elementals
  A shadow (D:11)
  5 spriggans (Lair:6)
  A wyvern (D:15)
  2 basilisks
  18 yaks
  2 vampire mosquitoes (D:10)
  3 insubstantial wisps (Lair:4)
  9 water moccasins
  A porcupine (Lair:1)
  10 orc warriors
  2 sky beasts
  An ice beast (D:10)
  19 ogres
  3 necrophages
  A hornet zombie (D:12)
  A centaur (D:9)
  A boggart (Lair:6)
  12 wolves
  4 crocodiles
  6 bullfrogs
  An earth elemental (Elf:3)
  A wyvern zombie (D:13)
  2 scorpions
  5 killer bees
  2 howler monkeys
  3 crimson imps
  7 orc priests
  A bullfrog skeleton (D:13)
  5 orc wizards
  3 worker ants
  2 ogre zombies (Orc:2)
  An ooze (Lair:5)
  12 orcs
  4 goblins (D:11)
  13 kobolds
  A quokka (D:10)
  4 bushes
  9 fungi
  17 plants
364 creatures vanquished.

Vanquished Creatures (others)
  A bone dragon (Elf:3)
  A profane servitor (Elf:3)
  Nessos (D:15)
  2 vampire knights
  A centaur warrior (D:15)
  A skeletal warrior (Orc:2)
  A deep elf knight (Elf:3)
  2 phantasmal warriors
  A stone giant zombie (Orc:1)
  A deep elf mage (Elf:3)
  9 flying skulls
  4 wraiths
  A meliai zombie (D:15)
  2 vampires
  A human (D:14)
  5 two-headed ogre zombies (Orc:2)
  A spiny frog zombie (Lair:6)
  3 elf zombies
  7 blink frog zombies (Lair:6)
  2 bullfrogs
  An earth elemental (Elf:2)
  A wolf zombie (Lair:6)
  A bullfrog zombie (D:9)
  A black bear zombie (D:12)
  A porcupine zombie (Lair:1)
  2 killer bee zombies (D:12)
  A big kobold zombie (D:9)
  6 ogre zombies
  A necrophage skeleton (D:12)
  2 mummies
  A howler monkey zombie (D:9)
  A worker ant zombie (D:9)
  An orc skeleton (Orc:2)
  2 orcs
  A jackal (D:7)
  A quokka (D:7)
  2 goblin skeletons (D:11)
  A kobold (D:9)
  4 kobold zombies
  24 orc zombies
  5 fungi (Lair:6)
  15 plants
  A withered plant (D:12)
123 creatures vanquished.

Grand Total: 1088 creatures vanquished

Notes
Turn   | Place    | Note
-------+----------+-------------------------------------------
     0 | D:1      | vishdafish the Formicid Fighter began the quest for the Orb.
     0 | D:1      | Reached XP level 1. HP: 18/18 MP: 1/1
   103 | D:1      | Reached XP level 2. HP: 24/24 MP: 2/2
   803 | D:2      | Reached XP level 3. HP: 29/29 MP: 3/3
   860 | D:2      | Found a shadowy altar of Dithmenos.
  1219 | D:2      | Reached XP level 4. HP: 31/37 MP: 4/4
  1449 | D:2      | Found a runed door.
  1703 | D:2      | Noticed Crazy Yiuf
  1707 | D:2      | Killed Crazy Yiuf
  1707 | D:2      | Reached XP level 5. HP: 28/42 MP: 5/5
  2297 | D:3      | Noticed Grinder
  2555 | D:3      | HP: 1/42 [Grinder (4)]
  2556 | D:3      | Killed Grinder
  2556 | D:3      | Reached skill level 5 in Shields
  2556 | D:3      | Reached XP level 6. HP: 2/49 MP: 6/6
  2938 | D:3      | Reached XP level 7. HP: 55/55 MP: 7/7
  3252 | D:4      | Noticed Ijyb
  3308 | D:4      | Killed Ijyb
  3377 | D:4      | Noticed Pikel
  3443 | D:4      | Killed Pikel
  3443 | D:4      | Reached skill level 5 in Fighting
  3443 | D:4      | Reached skill level 5 in Axes
  3443 | D:4      | Reached skill level 5 in Armour
  3443 | D:4      | Reached XP level 8. HP: 22/62 MP: 8/8
  3653 | D:4      | Found a hide-covered altar of Uskayaw.
  3916 | D:4      | Noticed Robin
  3927 | D:4      | Killed Robin
  4205 | D:5      | Entered Level 5 of the Dungeon
  4493 | D:5      | Found a staircase to the Ecumenical Temple.
  4498 | Temple   | Entered the Ecumenical Temple
  4513 | Temple   | Became a worshipper of Yredelemnul the Dark
  4554 | D:5      | Found a bloodstained altar of Trog.
  4666 | D:5      | Found an opulent altar of Gozag.
  4669 | D:5      | Found a glowing golden altar of the Shining One.
  4672 | D:5      | Found a glowing silver altar of Zin.
  4838 | D:5      | Found a snail-covered altar of Cheibriados.
  4946 | D:5      | Reached XP level 9. HP: 64/69 MP: 9/9
  5418 | D:5      | Reached skill level 1 in Invocations
  5454 | D:6      | Reached skill level 1 in Dodging
  5555 | D:6      | Reached * piety under Yredelemnul
  5935 | D:6      | Found an iron altar of Okawaru.
  6048 | D:6      | Noticed a two-headed ogre
  6284 | D:7      | Got a transparent glass ring
  6285 | D:7      | Identified the ring of the Equinox {rN+ Int+3 Stlth+} (You found it on level 7 of the Dungeon)
  6373 | D:7      | Noticed a manticore
  6391 | D:7      | Killed a manticore
  6391 | D:7      | Reached skill level 5 in Invocations
  6391 | D:7      | Reached XP level 10. HP: 48/79 MP: 13/13
  6803 | D:7      | Found a shattered altar of Ashenzari.
  6894 | D:7      | Reached ** piety under Yredelemnul
  7183 | D:7      | Found a shimmering altar of Xom.
  7237 | D:7      | Found a white marble altar of Elyvilon.
  8192 | D:8      | Noticed a two-headed ogre
  8201 | D:8      | Killed a two-headed ogre
  8203 | D:8      | Noticed a manticore
  8398 | D:8      | Noticed a two-headed ogre
  8419 | D:7      | Gained mutation: You are weak. (Str -2) [potion of mutation]
  8419 | D:7      | Gained mutation: You are agile. (Dex +2) [potion of mutation]
  8559 | D:8      | Killed a two-headed ogre
  8559 | D:8      | Reached XP level 11. HP: 8/84 MP: 16/16
  8886 | D:8      | Lost mutation: You are weak. (Str -2) [potion of mutation]
  8886 | D:8      | Lost mutation: You are agile. (Dex +2) [potion of mutation]
  8886 | D:8      | Gained mutation: You are partially covered in slimy green scales. (AC +2) [potion of mutation]
  8886 | D:8      | Gained mutation: Your body sometimes deteriorates upon taking damage. [potion of mutation]
  8886 | D:8      | Gained mutation: You are somewhat resistant to further mutation. [potion of mutation]
  8903 | D:8      | Found a stormy altar of Qazlal.
  9122 | D:8      | Found a hazy altar of Hepliaklqana.
  9654 | D:8      | Found Xuipos's Assorted Antiques.
  9662 | D:8      | Bought a scroll labeled MUPUZUVAZO for 22 gold pieces
  9662 | D:8      | Bought a white potion for 19 gold pieces
  9729 | D:9      | Found a sacrificial altar of Ru.
  9808 | D:9      | Found Heedips's Distillery.
  9816 | D:9      | Bought a potion of cancellation for 120 gold pieces
  9919 | D:9      | Found Faryesue's Jewellery Emporium.
  9977 | D:9      | Noticed a two-headed ogre
  9983 | D:9      | Killed a two-headed ogre
  9990 | D:9      | Reached *** piety under Yredelemnul
 10025 | D:9      | Found Lere Leiw's Weapon Shoppe.
 10025 | D:9      | Found a staircase to the Orcish Mines.
 10027 | D:9      | Found Zisuil's Armour Shoppe.
 10261 | D:9      | Found Esif's Weapon Emporium.
 10268 | D:9      | Bought a +1 executioner's axe of flaming for 375 gold pieces
 10437 | D:9      | Received a gift from Yredelemnul (3 flying skulls)
 10463 | D:10     | Entered Level 10 of the Dungeon
 10537 | D:10     | Found a staircase to the Lair.
 10576 | D:10     | Got a glittering ivory ring
 10632 | D:10     | Identified the ring of Enyotsit {Wiz rElec Str+4 Dex-4 Slay+2} (You found it on level 10 of the Dungeon)
 10664 | D:10     | Noticed an unseen horror
 10689 | D:10     | Killed an unseen horror
 10736 | D:10     | Found Piemo's Armour Shop.
 11120 | D:10     | Noticed a two-headed ogre
 11126 | D:10     | Killed a two-headed ogre
 11227 | D:11     | Received a gift from Yredelemnul (a mummy)
 11269 | D:11     | Noticed Harold
 11277 | D:11     | Killed Harold
 11336 | D:11     | Noticed Grum
 11340 | D:11     | Killed Grum
 11342 | D:11     | Reached skill level 10 in Axes
 11466 | D:11     | Received a gift from Yredelemnul (a mummy)
 11471 | D:11     | Found a flagged portal.
 11477 | Bailey   | Entered a bailey
 11722 | Bailey   | Reached **** piety under Yredelemnul
 12042 | Bailey   | Reached XP level 12. HP: 62/91 MP: 18/18
 12168 | Bailey   | Got a transparent crystal plate armour
 12179 | Bailey   | Identified the cursed +1 crystal plate armour of Zuby {+Blink rF+ Int+4 Stlth+} (You found it in a bailey)
 12539 | D:11     | Found Kaenocy's Armour Emporium.
 12627 | D:11     | Found the +3 robe of Clouds {+Fly rElec}
 12767 | D:11     | Found a deep blue altar of Sif Muna.
 12780 | D:11     | Received a gift from Yredelemnul (a wraith)
 12860 | D:11     | Noticed Psyche
 12865 | D:11     | Killed Psyche
 13036 | D:12     | Noticed an unseen horror
 13051 | D:12     | Killed an unseen horror
 13592 | D:12     | Noticed Thaneod's ghost (journeyman DsBe)
 13613 | D:12     | Killed Thaneod's ghost
 13802 | D:12     | Received a gift from Yredelemnul (a wraith)
 14042 | D:12     | Noticed an eight-headed hydra
 14048 | D:12     | Killed a five-headed hydra
 14061 | D:13     | Noticed a two-headed ogre
 14077 | D:12     | Received a gift from Yredelemnul (4 flying skulls)
 14084 | D:13     | Killed a two-headed ogre
 14100 | D:13     | Noticed Sonja
 14115 | D:13     | Reached ***** piety under Yredelemnul
 14123 | D:13     | Killed Sonja
 14123 | D:13     | Reached XP level 13. HP: 36/97 MP: 19/19
 14437 | D:14     | Noticed a catoblepas
 14472 | D:14     | Killed a catoblepas
 14903 | Orc:1    | Entered Level 1 of the Orcish Mines
 14929 | Orc:1    | Noticed a stone giant
 14948 | Orc:1    | Killed a stone giant
 14995 | Orc:1    | Received a gift from Yredelemnul (a phantasmal warrior)
 15568 | Orc:1    | You fall through a shaft!
 15568 | Orc:2    | Entered Level 2 of the Orcish Mines
 15676 | Orc:2    | Noticed Spoonicorn's ghost (journeyman MiBe)
 15698 | Orc:1    | Reached skill level 10 in Invocations
 16348 | Orc:2    | Killed Spoonicorn's ghost
 16380 | Orc:2    | Found Satoegg's Gadget Emporium.
 16380 | Orc:2    | Found Pusikle's Jewellery Boutique.
 16380 | Orc:2    | Noticed an ogre mage
 16383 | Orc:2    | Found a staircase to the Elven Halls.
 16428 | Orc:1    | Received a gift from Yredelemnul (2 flying skulls)
 17049 | Orc:1    | Received a gift from Yredelemnul (a skeletal warrior)
 17321 | Orc:2    | Killed an ogre mage
 17333 | Orc:2    | Reached XP level 14. HP: 77/103 MP: 21/23
 17343 | Orc:2    | Reached skill level 15 in Axes
 17399 | Orc:2    | Found Buuneq's Antique Weapon Boutique.
 17399 | Orc:2    | Found Peniy's Weapon Shoppe.
 17415 | Orc:2    | Received a gift from Yredelemnul (a phantasmal warrior)
 18040 | Orc:2    | Bought a +5 amulet of reflection for 576 gold pieces
 18136 | Lair:1   | Entered Level 1 of the Lair of Beasts
 18143 | Lair:1   | Lost mutation: Your body sometimes deteriorates upon taking damage. [potion of mutation]
 18143 | Lair:1   | Lost mutation: You are somewhat resistant to further mutation. [potion of mutation]
 18143 | Lair:1   | Lost mutation: You are partially covered in slimy green scales. (AC +2) [potion of mutation]
 18143 | Lair:1   | Gained mutation: You are robust. (+10% HP) [potion of mutation]
 18143 | Lair:1   | Gained mutation: You are very robust. (+20% HP) [potion of mutation]
 19275 | Lair:2   | Received a gift from Yredelemnul (a skeletal warrior)
 19796 | Lair:3   | Received a gift from Yredelemnul (a skeletal warrior)
 20217 | Lair:3   | Found a hole to the Spider Nest.
 20230 | Lair:3   | Received a gift from Yredelemnul (a vampire)
 20487 | Lair:3   | Reached skill level 15 in Invocations
 21251 | Lair:4   | Found a staircase to the Swamp.
 21627 | Lair:4   | Reached XP level 15. HP: 127/130 MP: 26/26
 21707 | Lair:4   | Received a gift from Yredelemnul (a wraith)
 22079 | Lair:5   | Found a staircase to the Slime Pits.
 22403 | Lair:5   | Received a gift from Yredelemnul (a wraith)
 22604 | Lair:5   | Reached skill level 1 in Crossbows
 22800 | Lair:6   | Entered Level 6 of the Lair of Beasts
 22874 | Lair:6   | Received a gift from Yredelemnul (a wraith)
 23090 | Lair:6   | Reached skill level 5 in Crossbows
 23285 | Lair:6   | Reached ****** piety under Yredelemnul
 23539 | Lair:6   | Received a gift from Yredelemnul (a bone dragon)
 23540 | Lair:6   | Noticed Snorg
 23546 | Lair:6   | Killed Snorg
 23665 | Lair:6   | Received a gift from Yredelemnul (a vampire knight)
 24841 | D:14     | Received a gift from Yredelemnul (a phantasmal warrior)
 25045 | D:14     | Found a gate to the Vaults.
 25108 | D:15     | Entered Level 15 of the Dungeon
 25108 | D:15     | Noticed Nessos
 25113 | D:15     | Killed Nessos
 25114 | D:15     | Received a gift from Yredelemnul (a ghoul)
 25119 | D:15     | Reached skill level 10 in Crossbows
 25338 | D:15     | Noticed Louise
 25339 | D:15     | Reached XP level 16. HP: 131/138 MP: 28/28
 25353 | D:15     | Killed Louise
 25354 | D:15     | Received a gift from Yredelemnul (a bone dragon)
 25660 | D:15     | Received a gift from Yredelemnul (a profane servitor)
 25731 | D:15     | Found a staircase to the Depths.
 25800 | D:15     | Reached skill level 10 in Shields
 26247 | Orc:2    | Learned a level 1 spell: Apportation
 26253 | Orc:2    | Learned a level 5 spell: Silence
 26272 | Elf:1    | Entered Level 1 of the Elven Halls
 26277 | Elf:1    | Received a gift from Yredelemnul (a vampire knight)
 26291 | Elf:1    | Gained mutation: You are weak. (Str -2) [a neqoxec]
 26657 | Elf:1    | Found a radiant altar of Vehumet.
 26728 | Elf:1    | Received a gift from Yredelemnul (a ghoul)
 26777 | Elf:1    | Received a gift from Yredelemnul (a skeletal warrior)
 27360 | Elf:1    | Noticed a deep elf sorcerer
 27365 | Elf:1    | Killed a deep elf sorcerer
 27379 | Elf:1    | Identified Sif Muna's Handbook of Supportive Confrontation
 27929 | Elf:2    | Received a gift from Yredelemnul (a vampire)
 28023 | Elf:2    | Reached XP level 17. HP: 55/145 MP: 29/29
 28210 | Elf:2    | Found a runed gate.
 28210 | Elf:2    | Found a runed gate.
 28211 | Elf:2    | Found a runed gate.
 28711 | Elf:2    | Received a gift from Yredelemnul (a ghoul)
 29205 | Elf:2    | Reached skill level 15 in Shields
 29462 | Elf:3    | Entered Level 3 of the Elven Halls
 29478 | Elf:3    | Reached skill level 5 in Dodging
 29689 | Elf:3    | Received a gift from Yredelemnul (a phantasmal warrior)
 29792 | Elf:3    | HP: 1/145 [earth elemental[a deep elf elementalist] (10)]
 29793 | Elf:3    | Splashed by a deep elf sorcerer's acid

Vault maps used:
D:1:      roderic_crop_circles_arrival_small
D:2:      cheibrodos_greedy_goblins, nicolae_dithmenos_through_a_glass_darkly,
          first_ration, uniq_crazy_yiuf_cottage
D:3:      uniq_grinder
D:4:      eat_drink_and_be_merry_uskayaw, uniq_ijyb, uniq_robin, uniq_pikel
D:5:      slow_altar_1, grunt_temple_overflow_cloverleaf, temple_doors_ab,
          hex_large, lexackson_kobold_supper
D:6:      kennysheep_okawaru_gauntlet
D:7:      evilmike_ruin_ashenzari, elyvilon_altar_5, the_bakery,
          hangedman_decor_diamond_cutter, xom_confusion_cloud
D:8:      kennysheep_mini_moat, overflow_temple_1_default, serial_shops,
          nicolae_shop_crystal, minmay_misc_feat_five
D:9:      nicolae_ru_great_annihilating_truth, orc_david_3, serial_shops,
          nicolae_shop_stone, nicolae_shop_trees, shop
D:10:     dpeg_oklobed_lair, serial_shops, kennysheep_little_box
D:11:     kennysheep_spiral_hall, basic_altar, serial_shops, shop,
          enter_bailey_3, minmay_misc_feat_x, uniq_psyche, uniq_harold,
          uniq_grum
D:12:     serial_undead, serial_undead_a, serial_undead_f, serial_undead_e,
          serial_undead_a
D:13:     uniq_sonja
D:14:     grunt_vaults_entry_fortified, hangedman_decor_peaks_small
D:15:     gammafunk_enter_depths_forms, minmay_misc_feat_secret_circle,
          hangedman_glass_teeth, minivault_16, uniq_louise, uniq_nessos
Temple:   corrupted_temple
Lair:2:   lemuel_fruit_tree, grunt_megastairs_4
Lair:3:   spider_nest_entry_rubble, serial_bayou_shore_b, wad_woods_river_01
Lair:4:   minmay_swamp_entry_wisps
Lair:5:   nicolae_slime_entry_slimehenge
Lair:6:   minmay_lair_end_enchanted_forest, grunt_megastairs_5,
          serial_bayou_shore_a, uniq_snorg
Orc:2:    st_orc_ogre_mass
Elf:1:    elf_arrival_002, basic_altar, special_room, minmay_elf_sorcery,
          moated_statue
Elf:3:    minmay_elf_hall_quartered_circle, serial_shops, nicolae_shop_stone
Bailey:   bailey_polearm_gnolls_kennysheep, bailey

Skill      XL: |  1  2  3  4  5  6  7  8  9 10 11 12 13 14 15 16 17 |
---------------+----------------------------------------------------+-----
Shields        | 4 5 6 7 8 9 13 15 | 15.0
Axes           | 3 4 5 6 7 10 13 14 15 16 | 16.0
Fighting       | 4 5 6 7 |  7.6
Armour         | 4 5 6 7 8 9 |  9.4
Invocations    | 5 7 8 12 15 16 | 16.0
Dodging        | 2 4 5 |  5.3
Crossbows      | 10 12 | 12.3

Action                   |  1- 3 |  4- 6 |  7- 9 | 10-12 | 13-15 | 16-18 || total
-------------------------+-------+-------+-------+-------+-------+-------++-------
Melee: War axe           |   100 |    74 |   250 |   322 |       |       ||   746
       Hand axe          |       |    76 |   124 |       |       |       ||   200
       Whip              |       |       |   115 |       |       |       ||   115
       Quarterstaff      |       |       |       |    30 |       |       ||    30
       Executioner's axe |       |       |       |   322 |   792 |   364 ||  1478
       Demon trident     |       |       |       |       |       |     1 ||     1
 Fire: Arbalest          |       |       |       |       |     4 |     1 ||     5
Throw: Tomahawk          |       |       |     1 |     3 |       |       ||     4
       Throwing net      |       |       |       |     3 |     1 |       ||     4
Invok: Animate Dead      |       |       |       |    19 |    39 |     9 ||    67
       Animate Remains   |       |       |       |     9 |       |       ||     9
       Recall Undead Sla |       |       |       |     1 |     4 |     3 ||     8
       Drain Life        |       |       |       |       |       |     3 ||     3
       Stop Recall       |       |       |       |       |       |     1 ||     1
 Abil: Dig               |       |       |     2 |     5 |     2 |       ||     9
Evoke: Wand              |       |       |       |    11 |     8 |     3 ||    22
  Use: Scroll            |       |     3 |     9 |    12 |     8 |     3 ||    35
       Potion            |       |     1 |     3 |    12 |     2 |     3 ||    21
 Stab: Invisible         |       |       |    10 |     2 |       |       ||    12
       Distracted        |       |       |     1 |     4 |     6 |     4 ||    15
       Held in net/web   |       |       |       |     1 |       |       ||     1
       Petrified         |       |       |       |       |     3 |       ||     3
       Confused          |       |       |       |       |     1 |       ||     1
  Eat: Chunk             |       |     2 |     9 |     6 |    13 |    12 ||    42
       Ration            |       |     3 |     2 |     9 |    12 |     2 ||    28
Armor: Scale mail        |    30 |    42 |   133 |   198 |       |       ||   403
       Skin              |       |       |    19 |    19 |       |       ||    38
       Chain mail        |       |       |       |    21 |   247 |     1 ||   269
       Crystal plate arm |       |       |       |   198 |   127 |       ||   325
       Plate armour      |       |       |       |       |       |   136 ||   136
Dodge: Dodged            |    43 |    37 |   148 |   359 |   214 |    74 ||   875
Block: Shield            |    47 |    53 |   235 |   594 |   636 |     4 ||  1569
       Reflection        |       |       |       |       |    14 |    41 ||    55
       Large shield      |       |       |       |       |       |   435 ||   435

Table legend:
 A = Spawn XP
 B = Non-spawn XP
 C = Spawn XP percentage of total XP
 D = Spawn monster count
 E = Non-spawn monster count
 F = Spawn count percentage of total count
 G = Total turns spent on level
                    A         B        C        D         E        F      G
               +---------+---------+-------+---------+---------+-------+---------
         Total |       0 |  179223 |   0.0 |       0 |     934 |   0.0 | 29793
               +---------+---------+-------+---------+---------+-------+---------
           D:1 |       0 |      26 |   0.0 |       0 |      15 |   0.0 |   778
           D:2 |       0 |     123 |   0.0 |       0 |      34 |   0.0 |  1166
           D:3 |       0 |     371 |   0.0 |       0 |      22 |   0.0 |  1223
           D:4 |       0 |     959 |   0.0 |       0 |      33 |   0.0 |  1076
           D:5 |       0 |     841 |   0.0 |       0 |      31 |   0.0 |  1112
           D:6 |       0 |     913 |   0.0 |       0 |      25 |   0.0 |   823
           D:7 |       0 |    2433 |   0.0 |       0 |      34 |   0.0 |  2913
           D:8 |       0 |    2403 |   0.0 |       0 |      19 |   0.0 |   562
           D:9 |       0 |    2730 |   0.0 |       0 |      44 |   0.0 |  1185
          D:10 |       0 |    2231 |   0.0 |       0 |      24 |   0.0 |   845
          D:11 |       0 |    2872 |   0.0 |       0 |      38 |   0.0 |   831
          D:12 |       0 |    7542 |   0.0 |       0 |      40 |   0.0 |  1174
          D:13 |       0 |    3103 |   0.0 |       0 |      23 |   0.0 |   348
          D:14 |       0 |   11252 |   0.0 |       0 |      29 |   0.0 |  1269
          D:15 |       0 |   14072 |   0.0 |       0 |      47 |   0.0 |  1049
        Lair:1 |       0 |    2853 |   0.0 |       0 |      11 |   0.0 |   969
        Lair:2 |       0 |    4841 |   0.0 |       0 |      21 |   0.0 |   751
        Lair:3 |       0 |    9448 |   0.0 |       0 |      22 |   0.0 |  1335
        Lair:4 |       0 |    4920 |   0.0 |       0 |      28 |   0.0 |   982
        Lair:5 |       0 |    3708 |   0.0 |       0 |      24 |   0.0 |   725
        Lair:6 |       0 |   17448 |   0.0 |       0 |     100 |   0.0 |  1326
         Orc:1 |       0 |    6023 |   0.0 |       0 |      46 |   0.0 |  1796
         Orc:2 |       0 |   16308 |   0.0 |       0 |      51 |   0.0 |  1373
         Elf:1 |       0 |   26349 |   0.0 |       0 |      65 |   0.0 |   846
         Elf:2 |       0 |   27180 |   0.0 |       0 |      62 |   0.0 |  2045
         Elf:3 |       0 |    7100 |   0.0 |       0 |      16 |   0.0 |   331
        Bailey |       0 |    1174 |   0.0 |       0 |      30 |   0.0 |   924
               +---------+---------+-------+---------+---------+-------+---------
